 Dungeon Crawl Stone Soup version 0.20-a0-876-g2c7b0bf (webtiles) character file.

20461 AlphabetPasta the Destroyer (level 12, -3/70 HPs)
             Began as an Octopode Conjurer on Mar 14, 2017.
             Was an Elder of Vehumet.
             Slain by a blink frog (19 damage)
             ... on level 4 of the Lair of Beasts.
             The game lasted 01:30:15 (20042 turns).

AlphabetPasta the Destroyer (Octopode Conjurer)    Turns: 20042, Time: 01:30:15

Health: -3/70      AC:  1    Str:  9    XL:     12   Next: 79%
Magic:  14/27      EV: 13    Int: 21    God:    Vehumet [****..]
Gold:   592        SH:  0    Dex: 12    Spells: 11/33 levels left

rFire    . . .     SeeInvis +   u - +1 quarterstaff (protect)
rCold    . . .     Gourm    .   (shield currently unavailable)
rNeg     . . .     Faith    .   (helmet restricted)
rPois    .         Spirit   .   (no amulet)
rElec    .         Reflect  .   s - ring of wizardry
rCorr    .         Harm     .   g - ring of see invisible
MR       .....                  G - ring of flight
Stlth    +++.......             (no ring)
Regen    0.3/turn               (no ring)
MPRegen  0.2/turn               (no ring)
                                (no ring)
                                (no ring)

@: studying Shields
A: almost no armour, stealthy swim, amphibious, 8 rings, constrict 8, camouflage
1, gelatinous body 1
a: Renounce Religion, Evoke Flight


You were on level 4 of the Lair of Beasts.
You worshipped Vehumet.
Vehumet was greatly pleased with you.
You were not hungry.

You visited 3 branches of the dungeon, and saw 16 of its levels.

You collected 769 gold pieces.
You spent 177 gold pieces at shops.

Inventory:

Hand Weapons
 d - a +1 hand axe
 u - a +1 quarterstaff of protection (weapon)
Armour
 c - a +0 large shield
Jewellery
 g - a ring of see invisible (right tentacle)
 s - a ring of wizardry (left tentacle)
 G - a ring of flight (on tentacle)
Wands
 e - a wand of polymorph (17/24)
 t - a wand of acid (8/15)
 v - a wand of random effects (21/48)
 w - a wand of polymorph (11/24)
 y - a wand of polymorph (8/24)
 z - a wand of paralysis (7/24)
 J - a wand of digging (19/24)
 K - a wand of iceblast (9/15)
Scrolls
 h - 3 scrolls of amnesia
 l - 5 scrolls of recharging
 m - 4 scrolls of enchant weapon
 q - 10 scrolls of remove curse
 A - a scroll of blinking
Potions
 f - a potion of berserk rage
 k - 7 potions of curing
 o - a potion of cancellation
 p - a potion of agility {unknown}
 r - a potion of flight {unknown}
 C - 2 potions of lignification {unknown}
 L - a potion of heal wounds
Books
 a - a book of Conjurations

   Spells                             Type                      Level
   a - Magic Dart                     Conjuration                  1
   b - Searing Ray                    Conjuration                  2
   c - Dazzling Spray                 Conjuration/Hexes            3
   d - Fulminant Prism                Conjuration/Hexes            4
   e - Force Lance                    Conjuration/Translocation    4
   f - Iskenderun's Mystic Blast      Conjuration                  4
 j - a Fen Folio

   Spells                             Type                      Level
   a - Corpse Rot                     Necromancy                   2
   b - Stone Arrow                    Conjuration/Earth            3
   c - Leda's Liquefaction            Hexes/Earth                  4
   d - Summon Forest                  Summoning/Translocation      5
   e - Hydra Form                     Transmutation                6
   f - Summon Hydra                   Summoning                    7
 n - a manual of Shields
 F - a book of Geomancy

   Spells                             Type                      Level
   a - Sandblast                      Earth                        1
   b - Passwall                       Transmutation/Earth          2
   c - Stone Arrow                    Conjuration/Earth            3
   d - Petrify                        Transmutation/Earth          4
   e - Lee's Rapid Deconstruction     Earth                        5
 I - a book of Air

   Spells                             Type                      Level
   a - Shock                          Conjuration/Air              1
   b - Swiftness                      Charms/Air                   2
   c - Static Discharge               Conjuration/Air              3
   d - Airstrike                      Air                          4
   e - Lightning Bolt                 Conjuration/Air              5
Miscellaneous
 x - a phantom mirror
 E - a lamp of fire
Comestibles
 b - 2 bread rations
 i - 7 meat rations
 B - 5 fruits
 H - 2 royal jellies


   Skills:
 - Level 2.0 Fighting
 - Level 1.0 Staves
 - Level 2.0 Dodging
 - Level 2.6 Stealth
 + Level 7.6 Shields
 * Level 11.0 Spellcasting
 * Level 12.3 Conjurations
 * Level 10.8 Earth Magic
 - Level 1.0 Evocations


You had 11 spell levels left.
You knew the following spells:

 Your Spells              Type           Power        Failure   Level  Hunger
a - Magic Dart            Conj           ####         1%          1    None
b - Searing Ray           Conj           ######       1%          2    None
c - Dazzling Spray        Conj/Hex       #####.       1%          3    None
d - Iskenderun's Mystic   Conj           ######..     1%          4    #......
e - Stone Arrow           Conj/Erth      ######       1%          3    None
f - Sticky Flame          Conj/Fire      #####...     1%          4    #......
g - Lee's Rapid Deconstr  Erth           ######....   1%          5    ####...


Dungeon Overview and Level Annotations

Branches:
Dungeon (11/15)            Temple (1/1) D:4            Lair (4/6) D:10
  Swamp (0/4) Lair:3       Spider (0/4) Lair:2          Orc (0/2) D:11

Altars:
Ashenzari
Cheibriados
Dithmenos
Elyvilon
Fedhas
Gozag
Hepliaklqana
Kikubaaqudgha
Makhleb
Nemelex Xobeh
Okawaru
Qazlal
Ru
Sif Muna
Trog
Uskayaw
Vehumet
Wu Jian
Xom
Yredelemnul
Zin
The Shining One

Shops:
D:7 (

Annotations:
D:4 RebelPilot's ghost, amateur GrFi
D:7 monkeypoo's ghost, novice GrFE
D:9 BeReasonable's ghost, novice MiBe
D:11 Fannar; PrincessPwny's ghost, journeyman GrBe


Innate Abilities, Weirdness & Mutations

You cannot wear most types of armour.
You are very stealthy in the water. (Stealth+)
You are amphibious.
You can wear up to eight rings at the same time.
You can use your tentacles to constrict eight enemies at once.
Your skin changes colour to match your surroundings (Stealth+).
Your rubbery body absorbs attacks. (AC +1, EV +1)


Message History

The blink frog is covered in liquid flames!
The blink frog burns! x3; The blink frog blinks!
The blink frog hits you.
Casting: Sticky Flame
Confirm with . or Enter, or press ? or * to list all spells.
Aiming: Stone Arrow
Press: ? - help, Shift-Dir - straight line, f/p - blink frog
Aim: a blink frog (heavily wounded, covered in liquid flames)
The stone arrow hits the blink frog.
You kill the blink frog!
Vehumet accepts your kill.
You feel your power returning.
The blink frog burns!
You kill the blink frog!
Vehumet accepts your kill.
Vehumet offers you knowledge of Venom Bolt.
You feel your power returning.
The blink frog burns!
The blink frog hits you!!
The blink frog burns!
The blink frog stops burning.
The blink frog blinks!
The blink frog hits you!!
* * * LOW HITPOINT WARNING * * *
The blink frog blinks!
The wolf closely misses you. The blink frog hits you!!
You die...

## ##### ##
##.##..#.###
... ...........
.§ ..........
#.#.........
##.†........
#..F@.......
#.....§.h.F....
#..............
(..............
...............
..$..$.........
...............
#..............


You could see 2 blink frogs and a wolf.

Vanquished Creatures
  A hydra (Lair:1)
  4 two-headed ogres
  The ghost of Kaishin the Martial Artist, a novice OpTm of Elyvilon (D:8)
  Sonja (Lair:3)
  An orb spider (Lair:2)
  Psyche (D:8)
  5 spiny frogs
  2 rime drakes
  2 komodo dragons
  2 trolls
  Prince Ribbit (D:7)
  4 hippogriffs
  2 blink frogs (Lair:4)
  10 yaks
  A wraith (D:11)
  3 basilisks
  4 hungry ghosts
  7 porcupines
  Duvessa (D:4)
  5 water moccasins
  3 orc warriors
  A swamp drake (Lair:3)
  A black bear (D:10)
  2 sky beasts
  2 phantoms
  2 ice beasts
  2 necrophages
  5 wolves (Lair:3)
  3 centaurs
  7 ogres
  11 crocodiles
  2 big kobolds
  A gnoll sergeant (D:7)
  A wyvern zombie (D:10)
  16 bullfrogs
  Dowan (D:4)
  2 scorpions
  2 jellies
  3 killer bees
  An electric eel (Lair:2)
  15 wights
  6 howler monkeys
  3 crimson imps
  A bullfrog zombie (D:11)
  A quasit (D:11)
  6 hounds
  4 centaur skeletons
  5 orc priests
  10 orc wizards
  2 bullfrog skeletons
  6 iguanas
  9 worker ants
  A killer bee zombie (D:6)
  2 hound skeletons (D:10)
  2 howler monkey zombies
  A worker ant zombie (D:5)
  A howler monkey skeleton (D:11)
  10 gnolls
  8 adders
  2 shadow imps
  3 adder skeletons
  2 worms
  4 dart slugs
  5 leopard geckos
  44 orcs
  2 ball pythons
  7 bats
  5 giant cockroaches
  2 goblins (D:1)
  9 hobgoblins
  9 jackals
  3 quokkas
  3 frilled lizards
  18 kobolds
  A leopard gecko skeleton (D:8)
  2 leopard gecko zombies
  7 rats
  A spectral orc (D:9)
348 creatures vanquished.

Notes
Turn   | Place    | Note
-------+----------+-------------------------------------------
     0 | D:1      | AlphabetPasta the Octopode Conjurer began the quest for the Orb.
     0 | D:1      | Reached XP level 1. HP: 11/11 MP: 3/3
   412 | D:1      | Reached XP level 2. HP: 17/17 MP: 1/5
   416 | D:1      | Learned a level 2 spell: Searing Ray
  1088 | D:1      | Reached XP level 3. HP: 21/21 MP: 1/7
  1173 | D:1      | Learned a level 3 spell: Dazzling Spray
  1710 | D:2      | Learned a level 3 spell: Dazzling Spray
  2541 | D:3      | Reached XP level 4. HP: 27/27 MP: 3/9
  2764 | D:3      | Reached skill level 5 in Conjurations
  2764 | D:3      | Reached XP level 5. HP: 31/31 MP: 5/10
  2770 | D:3      | Learned a level 4 spell: Iskenderun's Mystic Blast
  2867 | D:3      | Found a burning altar of Makhleb.
  2869 | D:3      | Found a glowing silver altar of Zin.
  2869 | D:3      | Noticed an angel
  2870 | D:3      | Noticed a green death
  3500 | D:3      | Reached XP level 6. HP: 28/36 MP: 3/12
  3598 | D:3      | Learned a level 3 spell: Stone Arrow
  3768 | D:4      | Noticed Dowan
  3776 | D:4      | Noticed Duvessa
  3782 | D:4      | Noticed a phantom
  3784 | D:4      | Killed Duvessa
  3784 | D:4      | Reached skill level 1 in Earth Magic
  3786 | D:4      | Killed Dowan
  3786 | D:4      | Reached skill level 6 in Conjurations
  3902 | D:4      | Found a staircase to the Ecumenical Temple.
  3913 | Temple   | Entered the Ecumenical Temple
  3982 | D:4      | Reached XP level 7. HP: 37/41 MP: 8/14
  4031 | D:4      | Noticed RebelPilot's ghost (amateur GrFi)
  4281 | D:4      | Reached skill level 5 in Spellcasting
  4639 | D:5      | Entered Level 5 of the Dungeon
  4784 | D:4      | Found a shimmering altar of Xom.
  5170 | D:5      | Found an iron altar of Okawaru.
  5230 | D:5      | Found a shattered altar of Ashenzari.
  5247 | D:5      | Reached XP level 8. HP: 30/46 MP: 3/16
  5665 | D:5      | Reached skill level 7 in Conjurations
  5924 | D:5      | Found an ancient bone altar of Kikubaaqudgha.
  7267 | D:6      | Reached skill level 5 in Earth Magic
  7372 | D:6      | Found a shadowy altar of Dithmenos.
  7402 | D:6      | Reached XP level 9. HP: 51/51 MP: 9/19
  7408 | D:6      | Reached skill level 8 in Conjurations
  8705 | D:7      | Found a radiant altar of Vehumet.
  8707 | D:7      | Noticed Prince Ribbit
  8713 | D:7      | Killed Prince Ribbit
  8716 | D:7      | Became a worshipper of Vehumet
  8818 | D:7      | Reached skill level 9 in Conjurations
  9087 | D:7      | Found Xeaxtiy's Weapon Boutique.
  9090 | D:7      | Bought a +1 quarterstaff of protection for 177 gold pieces
  9405 | D:7      | Noticed monkeypoo's ghost (novice GrFE)
  9492 | D:7      | Reached XP level 10. HP: 48/56 MP: 14/22
  9598 | D:7      | Reached skill level 1 in Staves
  9956 | D:8      | Noticed Kaishin's ghost (novice OpTm)
  9965 | D:8      | Killed Kaishin's ghost
  9965 | D:8      | Reached skill level 1 in Fighting
 10089 | D:8      | Noticed a two-headed ogre
 10117 | D:8      | HP: 1/58 [two-headed ogre/giant spiked club (13)]
 10479 | D:8      | Killed a two-headed ogre
 10758 | D:8      | Found a hazy altar of Hepliaklqana.
 10759 | D:8      | Noticed Psyche
 10766 | D:8      | Killed Psyche
 10766 | D:8      | Reached skill level 1 in Shields
 10806 | D:8      | Reached * piety under Vehumet
 10806 | D:8      | Offered knowledge of Sandblast by Vehumet.
 11444 | D:8      | Reached skill level 1 in Evocations
 11457 | D:8      | Reached skill level 10 in Conjurations
 11808 | D:9      | Noticed BeReasonable's ghost (novice MiBe)
 11877 | D:9      | Noticed a two-headed ogre
 11882 | D:9      | Killed a two-headed ogre
 12158 | D:9      | Reached XP level 11. HP: 47/64 MP: 13/24
 12810 | D:9      | Found a basalt altar of Yredelemnul.
 13404 | D:10     | Entered Level 10 of the Dungeon
 13513 | D:10     | Offered knowledge of Flame Tongue by Vehumet.
 13596 | D:10     | Reached ** piety under Vehumet
 14251 | D:10     | Found a staircase to the Lair.
 14867 | D:10     | Upgraded the game from 0.20-a0-869-gcf33cab to 0.20-a0-874-g3b19a06
 14871 | D:11     | Found a staircase to the Orcish Mines.
 14921 | D:11     | Noticed PrincessPwny's ghost (journeyman GrBe)
 14951 | D:10     | Offered knowledge of Conjure Flame by Vehumet.
 15163 | D:11     | Noticed a two-headed ogre
 15169 | D:11     | Killed a two-headed ogre
 15169 | D:11     | Reached skill level 11 in Conjurations
 15171 | D:11     | Noticed Fannar
 15297 | D:10     | Noticed a two-headed ogre
 15302 | D:10     | Killed a two-headed ogre
 15302 | D:10     | Reached skill level 5 in Shields
 15391 | Lair:1   | Entered Level 1 of the Lair of Beasts
 15400 | Lair:1   | Reached *** piety under Vehumet
 15502 | Lair:1   | Reached skill level 10 in Spellcasting
 16181 | Lair:1   | Noticed an eight-headed hydra
 16187 | Lair:1   | Killed an eight-headed hydra
 16187 | Lair:1   | Reached XP level 12. HP: 70/70 MP: 12/26
 16599 | Lair:1   | Offered knowledge of Sticky Flame by Vehumet.
 16606 | Lair:1   | Learned a level 4 spell: Sticky Flame
 16910 | Lair:2   | Reached skill level 10 in Earth Magic
 17891 | Lair:2   | Learned a level 5 spell: Lee's Rapid Deconstruction
 18244 | Lair:2   | Found a hole to the Spider Nest.
 18375 | Lair:2   | Reached skill level 12 in Conjurations
 18651 | Lair:3   | Found a staircase to the Swamp.
 19279 | Lair:3   | Reached **** piety under Vehumet
 19509 | Lair:3   | Noticed Sonja
 19512 | Lair:3   | Killed Sonja
 20035 | Lair:3   | Upgraded the game from 0.20-a0-874-g3b19a06 to 0.20-a0-876-g2c7b0bf
 20041 | Lair:4   | Offered knowledge of Venom Bolt by Vehumet.
 20042 | Lair:4   | Slain by a blink frog

Vault maps used:
D:1:      dpeg_arrival_rooms_b, minmay_misc_feat_rows, fountainhead
D:2:      first_bread, corexii_corridor_pit
D:3:      grunt_temple_overflow_order_and_chaos_2, kennysheep_nub,
          minmay_fountain_box, minmay_checkerbox
D:4:      lemuel_round_altar, minmay_temple_entry_grid, uniq_duvessa
D:5:      nicolae_ashenzari_panopticon, nicolae_overflow_hidden_temple,
          okawaru_ov_weapons_minmay, st_stairs_2
D:6:      grunt_dithmenos_smoke
D:7:      old_standard_altar, serial_shops, nicolae_shop_behind_doors,
          nicolae_lava_and_water, uniq_prince_ribbit1
D:8:      lemuel_crystal_altar, uniq_psyche
D:9:      yredelemnul_forgotten_temple_becter
D:10:     lair_entry_dummy
D:11:     david_orc_3, uniq_fannar
Temple:   hc_temple_tempest_star
Lair:1:   st_stairs_10
Lair:2:   nicolae_spider_entry_orb_guardian, serial_bayou_pond_c,
          grunt_megastairs_4, infiniplex_staircase_pool
Lair:3:   minmay_swamp_entry_reptiles, uniq_sonja
Lair:4:   minmay_lair_venomous_thicket, minmay_lair_oklob_chamber,
          serial_bayou_shore_a

Skill      XL: |  1  2  3  4  5  6  7  8  9 10 11 12 |
---------------+-------------------------------------+-----
Spellcasting   | 3 4 5 6 8 9 10 11 | 11.0
Conjurations   | 5 6 7 9 10 11 12 | 12.3
Earth Magic    | 2 3 5 6 8 9 10 | 10.8
Staves         | 1 |  1.0
Fighting       | 2 |  2.0
Shields        | 2 6 7 |  7.6
Evocations     | 1 |  1.0
Dodging        | |  2.0
Stealth        | |  2.6

Action                   |  1- 3 |  4- 6 |  7- 9 | 10-12 || total
-------------------------+-------+-------+-------+-------++-------
Melee: Hand axe          |     7 |     2 |    29 |       ||    38
       Constrict         |     4 |     1 |     7 |     2 ||    14
       Tentacles         |       |       |     5 |       ||     5
       Quarterstaff      |       |       |       |     5 ||     5
 Cast: Magic Dart        |    88 |    61 |   173 |   170 ||   492
       Searing Ray       |     2 |     8 |    14 |    28 ||    52
       Stone Arrow       |       |       |    82 |   238 ||   320
       Iskenderun's Myst |       |       |     1 |    43 ||    44
       Dazzling Spray    |       |       |       |     1 ||     1
       Sticky Flame      |       |       |       |    13 ||    13
Evoke: Wand              |       |       |       |     1 ||     1
  Use: Scroll            |     7 |     1 |     5 |    12 ||    25
       Potion            |       |       |     1 |     1 ||     2
 Stab: Sleeping          |     2 |       |       |       ||     2
  Eat: Chunk             |     5 |     5 |    11 |    24 ||    45
       Fruit             |       |       |     1 |     2 ||     3
       Royal jelly       |       |       |     1 |       ||     1
       Meat ration       |       |       |     1 |     1 ||     2
       Bread ration      |       |       |       |     1 ||     1
Armor: Skin              |     1 |       |     1 |     5 ||     7
Dodge: Dodged            |     6 |    11 |    54 |    68 ||   139
